[Event "FIDE World Cup O10-TB 2024"]
[Site "Batumi"]
[Date "2024.07.02"]
[Round "2.24"]
[White "Dien James"]
[Black "Popov, Aleksandr And"]
[Result "0-1"]
[ECO "C45"]
[WhiteElo "1419"]
[BlackElo "1661"]
[Annotator "NA RC"]
[PlyCount "80"]
[EventDate "2024.06.23"]
[EventType "swiss"]
[EventCountry "GEO"]
[SourceTitle "playchess.com"]
[Source "ChessBase"]
[SourceQuality "1"]
[TimeControl "5400+30"]

1. e4 e5 2. Nf3 Nc6 3. d4 exd4 4. Nxd4 Nf6 5. f3 Bc5 6. Be3 Nxe4 7. fxe4 Nxd4 8. Bxd4 Qh4+ 9. g3 Qxe4+ 10. Qe2 Qxe2+ 11. Bxe2 Bxd4 12. c3 Bb6 13. Nd2 d6 14. O-O-O Bd7 15. Bc4 O-O 16. Rhf1 Be6 17. Bxe6 fxe6 18. Rxf8+ Rxf8 19. Nc4 Rf2 20. Nxb6 axb6 21. Re1 e5 22. h3 Rh2 23. h4 Rg2 24. Re3 Kf7 25. Rf3+ Kg6 26. a4 e4 27. Re3 d5 28. c4 c6 29. Rb3 d4 30. Rxb6 d3 31. Rb3 Rxg3 32. Rxb7 e3 33. Kb1 e2 34. Ka2 e1=Q 35. Rb6 Qe4 36. a5 Qxc4+ 37. b3 Qc5 38. Ra6 Rg2+ 39. Kb1 Qc2+ 40. Ka1 Qa2# 0-1